 Dungeon Crawl Stone Soup version 0.18-a0-1745-gffa9a88 (webtiles) character file.

554788 inmateoo the Black Belt (level 24, -43/269 HPs)
             Began as a Demonspawn Ice Elementalist on Apr 11, 2016.
             Was the Champion of Cheibriados.
             Thrown by an iron giant (53 damage)
             ... on level 5 of the Iron City of Dis.
             The game lasted 02:07:47 (37455 turns).

inmateoo the Black Belt (DsIE)                     Turns: 37455, Time: 02:07:48

Health: -43/269    AC: 35    Str: 30    XL:     24   Next: 57%
Magic:  31/41      EV: 25    Int: 32    God:    Cheibriados [******]
Gold:   850        SH: 16    Dex: 36    Spells: 12 memorised, 8 levels left

rFire  + . .     SeeInvis .       - Unarmed
rCold  + . .     Gourm    .     (armour currently unavailable)
rNeg   + + .     Faith    .     q - +0 buckler {reflect}
rPois  ∞         Spirit   .     M - +2 hat {MR+}
rElec  +         Dismiss  .     B - +2 cloak {+Inv}
rCorr  .         Reflect  +     (gloves currently unavailable)
SustAt .         Harm     .     (boots unavailable)
MR     +++..                    i - brooch of Shielding {Reflect SH+8}
Stlth  +++.......               k - ring of protection from fire
                                Y - ring "Jann" {rPois rC+ rN+}

@: statue-form, regenerating, very slow, extremely resistant to hostile
enchantments, fairly stealthy
A: horns 2, talons 3, (iridescent scales 0), agile 2, demonic guardian 1, dopey
1, magic resistance 1, poison resistance, powered by death 3, regeneration 2,
robust 1, augmentation 3, MP-powered wands
a: End Transformation, Bend Time, Temporal Distortion, Slouch, Step From Time,
Renounce Religion, Evoke Invisibility
}: 4/15 runes: decaying, serpentine, silver, bone


You were on level 5 of the Iron City of Dis.
You worshipped Cheibriados.
Cheibriados was exalted by your worship.
You were not hungry.
You were a stone statue.
You visited 12 branches of the dungeon, and saw 60 of its levels.
You visited 1 bazaar.
You also visited: Bailey and Ice Cave.

You collected 4925 gold pieces.
You spent 4075 gold pieces at shops.

Inventory:

Armour
 q - a +0 buckler of reflection (worn)
 B - a +2 cloak of invisibility (worn)
 C - a +2 pair of gloves (melded)
 M - a +2 hat of magic resistance (worn)
 U - a +2 troll leather armour (melded)
Jewellery
 i - the brooch of Shielding (around neck) {Reflect SH+8}
   (You bought it in a shop in a bazaar)

   [amulet of reflection]

   It shields you and reflects attacks.
   It affects your SH (+8).
 j - a +5 ring of evasion
 k - a ring of protection from fire (right hand)
 p - an uncursed ring of see invisible
 O - an uncursed ring of protection from magic
 Y - the ring "Jann" (left hand) {rPois rC+ rN+}
   (You bought it in a shop in a bazaar)

   [ring of protection from cold]

   It protects you from cold.
   It protects you from poison.
   It protects you from negative energy.
Wands
 a - a wand of confusion (6/48)
 x - a wand of acid (8/15)
 F - a wand of iceblast (5/15)
 G - a wand of lightning (8/15)
 K - a wand of teleportation (4/9)
 P - a wand of polymorph (11/24)
 Q - a wand of digging (15/24)
 V - a wand of paralysis (15/24)
 Z - a wand of teleportation (3/9)
Scrolls
 b - 4 scrolls of recharging
 d - 15 scrolls of remove curse
 e - a scroll of enchant armour
 f - 2 scrolls of silence
 l - 9 scrolls of teleportation
 m - a scroll of magic mapping
 u - 6 scrolls of fog
 y - 4 scrolls of identify
 z - 3 scrolls of blinking
 E - 2 scrolls of fear
Potions
 g - 4 potions of might
 h - 6 potions of brilliance
 o - 5 potions of cure mutation
 s - 6 potions of ambrosia
 t - a potion of invisibility
 v - 5 potions of heal wounds
 A - 2 potions of agility
 I - 17 potions of curing
 N - a potion of magic
 S - 7 potions of flight
 W - a potion of cancellation
Miscellaneous
 J - a legendary deck of wonders {Dowsing, drawn: 1}
Comestibles
 c - 22 bread rations
 n - 7 meat rations
 D - 63 fruits


   Skills:
 + Level 15.6 Fighting
 - Level 11.6 Armour
 + Level 9.5 Dodging
 - Level 2.0 Stealth
 - Level 6.1 Shields
 * Level 19.7 Unarmed Combat
 + Level 14.6 Spellcasting
 - Level 1.0 Conjurations
 - Level 10.2 Charms
 - Level 10.2 Translocations
 - Level 15.8 Transmutations
 - Level 8.4 Ice Magic
 * Level 6.6 Air Magic
 - Level 8.9 Earth Magic
 - Level 8.6 Invocations
 - Level 7.6 Evocations


You had 8 spell levels left.
You knew the following spells:

 Your Spells              Type           Power        Failure   Level  Hunger
a - Regeneration          Chrm/Necr      ######....   1%          3    None
b - Apportation           Tloc           ######....   1%          1    None
c - Passage of Golubria   Tloc           N/A          1%          4    None
d - Deflect Missiles      Chrm/Air       ######....   12%         6    ###....
e - Cure Poison           Pois           ###.......   2%          2    None
f - Statue Form           Trmt/Erth      #######..    1%          6    ###....
g - Freezing Cloud        Conj/Ice/Air   ######....   34%         6    ###....
h - Dragon Form           Trmt           #######...   2%          7    #####..
i - Shroud of Golubria    Chrm/Tloc      ######....   1%          2    None
j - Blink                 Tloc           N/A          1%          2    None
k - Repel Missiles        Chrm/Air       ######       1%          2    None
l - Ozocubu's Armour      Chrm/Ice       ######..     1%          3    None


Dungeon Overview and Level Annotations

Branches:
Dungeon (15/15)            Temple (1/1) D:4            Lair (8/8) D:9
  Swamp (4/4) Lair:5        Snake (4/4) Lair:5        Slime (0/6) Lair:8
    Orc (2/2) D:10            Elf (3/3) Orc:2        Vaults (5/5) D:13
 Depths (5/5) D:15           Hell (1/1)                 Dis (5/7) Hell
    Tar (7/7) Hell            Zot (0/5) Depths:5
  Crypt: Vaults:2-3     Geh: Hell:1         Coc: Hell:1

Altars:
Ashenzari
Cheibriados
Dithmenos
Elyvilon
Fedhas
Kikubaaqudgha
Nemelex Xobeh
Qazlal
Ru
Sif Muna
Trog
Vehumet
Yredelemnul
The Shining One
Beogh

Shops:
D:7 *   D:11 !}   Orc:2 ?%([   Elf:2 :*   Elf:3 [   Vaults:2 (

Portals:
Hell: Depths:5

Annotations:
D:3 exclusion: door
D:5 Duffy's ghost, novice FoFi
Lair:1 exclusion: oklob plant
Elf:2 3 runed doors
Depths:1 Sojobo


Innate Abilities, Weirdness & Mutations

You have claws for feet.
((You are completely covered in iridescent scales (AC +8).))
A weak demonic guardian rushes to your aid.
You regenerate a lot of health from kills.
Your magical and physical power is greatly enhanced at high health.
You have a pair of horns on your head.
You are very agile. (Dex +4)
You are dopey. (Int -2)
You are resistant to hostile enchantments.
Your system is resistant to poisons.
You heal very quickly.
You are robust (+10% HP).
You expend magic power (3 MP) to strengthen your wands.


Message History

You pummel the tormentor!!
You kill the tormentor!
Cheibriados appreciates the change of pace.
The iron giant throws you!
Unknown command.
Unknown command.
The iron giant hits you with a giant spiked club!!!
The iron giant casts a spell at you. The iron shot hits you!
You block the mummy's attack. The iron giant casts a spell at you.
The iron shot hits you!
* * * LOW HITPOINT WARNING * * *
You block the mummy's attack.
Unknown command.
You beat the iron giant into a bloody pulp!!!!
Your kick misses the iron giant.
You headbutt the iron giant, but do no damage.
The iron giant is severely wounded.
The iron giant throws you!
You die...

#.().#
+#####(...#..# #+#
........(..#..##...
...........#.......
.........†.#.......
...........#.....
...........#...
..........C#'#######
##########M.8.......
#..........
#..........
#..........
#....###### #....#
#....# ######


You could see an iron giant and a mummy.

Vanquished Creatures
  Ereshkigal (Tar:7)
  Geryon (Hell)
  2 golden dragons (Depths:5)
  The ghost of skk the Hoplite, an adept MiFi of Okawaru (Vaults:5)
  2 bone dragons (Tar:7)
  15 Tzitzimimeh
  2 doom hounds (Tar:7)
  Rupert (D:13)
  A lich (Depths:1)
  The ghost of abixa the Unseen, an adept KoEn of Dithmenos (Depths:1)
  A tentacled monstrosity (Hell)
  A deep elf blademaster (Elf:3)
  2 titans (Vaults:5)
  A quicksilver dragon (Vaults:5)
  A deep elf master archer (Elf:3)
  2 eldritch tentacles
  4 sphinxes
  Murray (Hell)
  Gastronok (Lair:2)
  2 thorn hunters
  A storm dragon (Vaults:5)
  Kirke (Snake:3)
  3 shadow dragons
  7 greater nagas
  3 draconian monks (Depths:5)
  3 tengu reavers (Vaults:5)
  Roxanne (Swamp:1)
  2 frost giants
  4 deep elf sorcerers
  Maud (Lair:7)
  2 fire giants
  An iron dragon (Hell)
  3 deep elf elementalists
  An orc warlord (Orc:2)
  A balrug (Hell)
  Aizul (Swamp:4)
  Louise (Swamp:2)
  9 vault wardens
  A draconian shifter (Depths:5)
  A draconian annihilator (Depths:5)
  An emperor scorpion (shapeshifter) (Depths:4)
  8 ironheart preservers
  18 reapers
  8 stone giants
  3 war gargoyles
  11 very ugly things
  2 vampire knights
  2 deep elf demonologists
  2 salamander stormcallers (Vaults:5)
  3 black draconians (Depths:5)
  Nessos (Lair:7)
  3 red draconians (Depths:5)
  Azrael (D:14)
  A dire elephant (Lair:8)
  7 deep elf annihilators
  2 green draconians (Swamp:2)
  A purple draconian (Depths:5)
  A lorocyproca (Hell)
  2 white draconians (Depths:5)
  A minotaur (Swamp:1)
  Erolcha (D:8)
  An ettin (shapeshifter) (Vaults:5)
  An ettin (Vaults:5)
  The ghost of inmateoo the Ripper, a journeyman FeTm of Makhleb (Swamp:3)
  The ghost of dobroeutro the Blocker, a journeyman GrFi of Okawaru (D:12)
  4 deep elf death magi
  2 fire dragons
  3 blizzard demons
  2 merfolk impalers (Depths:1)
  2 eidola (Tar:7)
  2 green deaths
  A quicksilver dragon zombie (Dis:5)
  2 great orbs of eyes
  10 yaktaur captains
  27 vault guards
  A quicksilver dragon skeleton (Hell)
  2 deep elf high priests
  A hell beast (Depths:5)
  A small abomination (Vaults:1)
  17 naga warriors
  3 ghost crabs
  2 ice dragons
  A catoblepas (shapeshifter) (Vaults:5)
  A spriggan air mage (Depths:4)
  2 catoblepae
  8 anacondas
  Erica (D:8)
  An anaconda (shapeshifter) (Depths:4)
  35 hydras
  8 centaur warriors
  6 ogre magi
  2 titan zombies
  4 deep troll earth magi
  5 death knights
  12 alligators
  4 hell hogs (Dis:5)
  13 death yaks (Lair:8)
  4 tengu warriors
  14 naga sharpshooters
  5 deep troll shamans
  An orc high priest (Orc:2)
  2 sun demons (Hell)
  22 dancing weapons
  2 spriggan berserkers
  10 shock serpents
  Urug (D:11)
  A fire crab (Vaults:5)
  13 hell knights
  4 soul eaters
  Nergalle (Orc:1)
  12 deep elf knights
  52 skeletal warriors
  2 iron trolls
  A golden dragon zombie (Tar:7)
  7 salamander mystics
  13 shadow wraiths
  A storm dragon skeleton (Tar:7)
  2 giant orange brains (Depths:4)
  21 deep trolls
  A ghost moth zombie (Tar:6)
  8 spriggan druids
  2 wizards
  9 deep elf archers
  7 shambling mangroves
  An anaconda zombie (Hell)
  7 shadow demons
  9 swamp dragons
  7 unseen horrors
  A flayed ghost (Vaults:5)
  10 hill giants
  The ghost of CollectiveS the Skirmisher, a novice GrAK of Lugonu (Bailey)
  An orange crystal statue (D:14)
  A shadow dragon zombie (Hell)
  57 deep elf magi
  6 naga ritualists
  8 phantasmal warriors
  4 harpies (Vaults:2)
  7 necromancers
  5 ironbrand convokers
  12 orc knights
  3 wolf spiders
  A hornet (shapeshifter) (Vaults:3)
  25 salamanders
  11 mana vipers
  A faun (shapeshifter) (Vaults:2)
  4 orc sorcerers
  2 lindwurms (Depths:5)
  15 hornets
  8 cyclopes
  35 ugly things
  2 frost giant zombies
  6 manticores
  5 griffons
  A guardian serpent (shapeshifter) (Vaults:1)
  3 centaur zombies
  A shock serpent zombie (Hell)
  36 elephants
  41 black mambas
  A frost giant skeleton (Vaults:2)
  6 rust devils
  A dire elephant zombie (Hell)
  3 octopodes (shapeshifter)
  A gargoyle (D:14)
  3 stone giant skeletons
  28 naga magi
  2 guardian serpents (Snake:4)
  Joseph (D:8)
  5 hellions
  2 ice statues (IceCv)
  6 vault sentinels
  16 spiny frogs
  A torpor snail (Lair:8)
  7 tormentors
  3 rime drakes (Lair:6)
  2 emperor scorpion zombies (Hell)
  10 komodo dragons
  8 freezing wraiths
  2 kobold demonologists
  A rime drake (shapeshifter) (Vaults:1)
  5 red devils
  16 ice devils
  30 yaktaurs
  2 demonic crawlers (Hell)
  3 silent spectres
  12 trolls
  3 tengu conjurers (Depths:1)
  A harpy zombie (Hell)
  A two-headed ogre (shapeshifter) (Vaults:2)
  A wind drake (shapeshifter) (Depths:4)
  5 polar bears
  5 giant leeches
  16 two-headed ogres
  A snapping turtle (shapeshifter) (D:14)
  6 bog bodies
  5 boulder beetles
  A harpy skeleton (Tar:7)
  31 slime creatures
  A raiju (shapeshifter) (Elf:2)
  An ice dragon zombie (Dis:2)
  2 hydra skeletons (Tar:6)
  A fire giant simulacrum (Hell)
  A tarantella (shapeshifter) (Elf:1)
  13 spriggans
  A redback (Vaults:2)
  An alligator zombie (Tar:7)
  A fire dragon skeleton (Tar:7)
  21 flying skulls
  An ice dragon skeleton (Tar:4)
  7 water elementals
  11 shadows
  67 yaks
  6 wyverns
  6 air elementals
  Eustachio (D:6)
  2 basilisks
  A human (shapeshifter) (Vaults:5)
  3 wraiths
  8 fire elementals
  A golden eye (shapeshifter) (Vaults:2)
  3 hogs (Snake:3)
  A black mamba skeleton (Hell)
  10 hippogriffs
  2 hungry ghosts
  34 vampire mosquitoes
  An emperor scorpion simulacrum (Hell)
  A mottled dragon (shapeshifter) (Vaults:5)
  2 mottled dragons (Vaults:2)
  51 nagas
  16 insubstantial wisps
  6 wargs
  A spatial vortex (Dis:3)
  31 swamp worms
  A spiny frog zombie (Hell)
  12 water moccasins
  14 hell hounds
  13 porcupines
  46 orc warriors
  A sky beast (D:11)
  2 human zombies
  10 swamp drakes
  13 necrophages
  14 wasps
  An eye of draining (D:15)
  26 ogres
  4 phantoms
  4 black bears
  11 ice beasts
  A swamp dragon zombie (Hell)
  An ettin simulacrum (Hell)
  23 wolves
  17 centaurs
  A human skeleton (Vaults:2)
  12 boggarts
  A snapping turtle skeleton (Tar:3)
  3 elf skeletons
  21 crocodiles
  A manticore skeleton (Tar:6)
  13 big kobolds
  12 giant frogs
  A wyvern zombie (D:13)
  2 earth elementals
  A wyvern skeleton (D:13)
  3 scorpions
  11 killer bees
  A troll zombie (D:10)
  An orc simulacrum (Vaults:2)
  17 wights
  An electric eel (Lair:5)
  6 crimson imps
  3 giant frog zombies
  A gnoll shaman (D:9)
  2 hounds
  10 jellies
  5 centaur skeletons
  A quasit (D:12)
  21 orc priests
  A giant frog skeleton (D:4)
  12 iguanas
  3 iron imps
  22 orc wizards
  10 worker ants
  A worker ant (shapeshifter) (Vaults:2)
  37 sheep
  7 ogre zombies (D:10)
  A hound zombie (D:8)
  2 hound skeletons
  A howler monkey zombie (D:10)
  4 worker ant zombies
  12 gnolls
  16 adders
  71 river rats
  12 shadow imps
  6 white imps
  7 ufetubi (IceCv)
  19 oozes
  7 worms
  2 dart slugs
  6 giant geckos
  93 orcs
  2 ball pythons
  13 bats
  9 giant cockroaches
  15 goblins
  10 hobgoblins
  6 jackals
  33 kobolds
  A quokka (D:8)
  2 giant gecko skeletons
  A giant gecko zombie (D:3)
  A giant newt (D:1)
  2 goblin skeletons (D:10)
  A goblin zombie (D:10)
  2 hobgoblin skeletons (D:10)
  A hobgoblin zombie (D:10)
  2 jackal zombies
  An orc skeleton (D:10)
  17 orc zombies (D:10)
  19 rats
  A fungus (Lair:6)
  A plant (Lair:5)
2339 creatures vanquished.

Vanquished Creatures (collateral kills)
  A bone dragon (Tar:7)
  A very ugly thing (Depths:1)
  A stone giant (Depths:1)
  3 hydras
  2 deep elf magi
  3 ugly things
  A cyclops (D:13)
  A hornet (Swamp:2)
  A salamander (Snake:2)
  A fire giant skeleton (Tar:3)
  A torpor snail (Lair:6)
  A spiny frog (Lair:2)
  2 yaks (Lair:3)
  Sigmund (D:3)
  A spriggan (Swamp:1)
  An insubstantial wisp (Swamp:4)
  A necrophage (Tar:6)
  An ogre (D:8)
  3 wolves
  A crocodile (Lair:8)
  A giant frog (D:7)
  A scorpion (D:4)
  3 sheep
  A white imp (Hell)
  A worm (Swamp:1)
  2 orcs
  A bat (D:9)
  A giant cockroach (D:5)
  A kobold (D:8)
  An orc zombie (D:10)
  A rat (D:9)
42 creatures vanquished.

Vanquished Creatures (others)
  A naga warrior (Snake:4)
  A hydra (Swamp:4)
  A centaur warrior (Vaults:2)
  An ogre mage (Vaults:2)
  A naga sharpshooter (Snake:4)
  3 deep elf archers
  A necromancer (Vaults:5)
  7 yaktaurs
  A shock serpent simulacrum (Hell)
  A shadow (Swamp:4)
  2 humans (Snake:3)
  A water moccasin (Lair:8)
  A necrophage (Tar:6)
  2 centaurs
  A gnoll (Orc:1)
  2 white imps (IceCv)
  4 ufetubi (IceCv)
  A ball lightning (Depths:4)
  An orc (Vaults:1)
  2 kobolds (Bailey)
  33 eldritch tentacle segments
  30 fungi
  9 plants
107 creatures vanquished.

Grand Total: 2488 creatures vanquished

Notes
Turn   | Place    | Note
--------------------------------------------------------------
     0 | D:1      | inmateoo the Demonspawn Ice Elementalist began the quest for the Orb.
     0 | D:1      | Reached XP level 1. HP: 13/13 MP: 3/3
   539 | D:1      | Gained mutation: You are partially covered in iridescent scales (AC +4). [demonic ancestry]
   539 | D:1      | Reached XP level 2. HP: 15/19 MP: 0/5
   678 | D:1      | Learned a level 2 spell: Throw Frost
  1227 | D:2      | Gained mutation: You have sharp toenails. [demonic ancestry]
  1227 | D:2      | Reached XP level 3. HP: 18/24 MP: 2/6
  1412 | D:2      | Found an ancient bone altar of Kikubaaqudgha.
  1520 | D:2      | Reached skill level 1 in Unarmed Combat
  1684 | D:2      | Gained mutation: A weak demonic guardian rushes to your aid. [demonic ancestry]
  1684 | D:2      | Reached XP level 4. HP: 30/30 MP: 2/7
  1749 | D:2      | Found a stormy altar of Qazlal.
  1763 | D:2      | Found a shadowy altar of Dithmenos.
  2232 | D:3      | Reached skill level 2 in Unarmed Combat
  2353 | D:3      | Gained mutation: You are mostly covered in iridescent scales (AC +6). [demonic ancestry]
  2353 | D:3      | Reached XP level 5. HP: 35/35 MP: 5/8
  2662 | D:3      | Noticed Sigmund
  2670 | D:3      | Killed Sigmund
  2670 | D:3      | Reached XP level 6. HP: 37/41 MP: 3/10
  2691 | D:3      | Learned a level 3 spell: Ozocubu's Armour
  2848 | D:3      | Reached skill level 3 in Unarmed Combat
  3056 | D:3      | Found a deep blue altar of Sif Muna.
  3341 | D:4      | Learned a level 4 spell: Throw Icicle
  3610 | D:4      | Found a staircase to the Ecumenical Temple.
  3628 | Temple   | Entered the Ecumenical Temple
  3636 | Temple   | Became a worshipper of Cheibriados the Contemplative
  3706 | D:4      | Gained mutation: You have razor-sharp toenails. [demonic ancestry]
  3706 | D:4      | Reached XP level 7. HP: 47/47 MP: 5/12
  3934 | D:5      | Entered Level 5 of the Dungeon
  3955 | D:5      | Gained mutation: You are dopey. (Int -2) [potion of mutation]
  3955 | D:5      | Gained mutation: You have a pair of small horns on your head. [potion of mutation]
  3955 | D:5      | Gained mutation: Scrolls take you a little longer to read. [potion of mutation]
  3983 | D:5      | Reached skill level 1 in Fighting
  4051 | D:5      | Learned a level 2 spell: Cure Poison
  4152 | D:5      | Found a white marble altar of Elyvilon.
  4162 | D:5      | Noticed Duffy's ghost (novice FoFi)
  4393 | D:6      | Noticed Eustachio
  4431 | D:6      | Killed Eustachio
  4431 | D:6      | Reached skill level 5 in Ice Magic
  4863 | D:6      | Identified a +1 pair of boots of running (You found it on level 6 of the Dungeon)
  5184 | D:7      | Reached * piety under Cheibriados
  5264 | D:7      | Reached skill level 4 in Unarmed Combat
  5694 | D:7      | Found Dimao's Assorted Antiques.
  5732 | D:7      | Bought an embroidered cloak for 117 gold pieces
  5982 | D:7      | Reached XP level 8. HP: 50/56 MP: 2/13
  6200 | D:8      | Noticed Erolcha
  6207 | D:8      | Killed Erolcha
  6207 | D:8      | Reached skill level 5 in Unarmed Combat
  6305 | D:8      | Gained mutation: You regenerate a little health from kills. [demonic ancestry]
  6305 | D:8      | Reached XP level 9. HP: 58/64 MP: 9/15
  6351 | D:8      | Noticed Joseph
  6373 | D:8      | Killed Joseph
  6416 | D:8      | Noticed Erica
  6573 | D:8      | Reached skill level 6 in Unarmed Combat
  6586 | D:8      | Reached ** piety under Cheibriados
  6732 | D:8      | Found a bloodstained altar of Trog.
  6783 | D:8      | Found a shattered altar of Ashenzari.
  7226 | D:8      | Killed Erica
  7226 | D:8      | Reached skill level 5 in Dodging
  7226 | D:8      | Reached skill level 5 in Spellcasting
  7344 | D:8      | Reached *** piety under Cheibriados
  7344 | D:8      | Reached XP level 10. HP: 73/73 MP: 18/18
  7403 | D:8      | Reached skill level 7 in Unarmed Combat
  7525 | D:9      | Found a sacrificial altar of Ru.
  7663 | D:9      | Reached **** piety under Cheibriados
  7758 | D:9      | Reached skill level 1 in Invocations
  7787 | D:9      | Reached skill level 1 in Armour
  7795 | D:9      | Reached ***** piety under Cheibriados
  7890 | D:9      | Found a staircase to the Lair.
  8230 | D:9      | Got a steaming scale mail
  8235 | D:9      | Identified the cursed +0 scale mail of Benevolence {*Drain +Fly rPois rCorr} (You found it on level 9 of the Dungeon)
  8291 | D:10     | Entered Level 10 of the Dungeon
  8326 | D:10     | Reached skill level 5 in Fighting
  8424 | D:10     | Learned a level 6 spell: Statue Form
  8448 | D:10     | Found a staircase to the Orcish Mines.
  8543 | D:10     | Reached skill level 1 in Transmutations
  8651 | D:10     | Reached skill level 8 in Unarmed Combat
  8651 | D:10     | Reached skill level 1 in Earth Magic
  8758 | D:10     | Noticed a purple ugly thing
  8771 | D:10     | Killed a purple ugly thing
  8775 | D:10     | Gained mutation: You expend magic power (3 MP) to strengthen your wands. [mutagenic meat]
  8776 | D:10     | Gained mutation: You are agile. (Dex +2) [mutagenic meat]
  8777 | D:10     | Lost mutation: Scrolls take you a little longer to read. [mutagenic meat]
  9048 | D:11     | Gained mutation: You have a pair of horns on your head. [mutagenic meat]
  9049 | D:11     | Gained mutation: Your body sometimes deteriorates upon taking damage. [mutagenic meat]
  9050 | D:11     | Lost mutation: Your body sometimes deteriorates upon taking damage. [mutagenic meat]
  9051 | D:11     | Gained mutation: You are very agile. (Dex +4) [mutagenic meat]
  9058 | D:11     | Noticed a red ugly thing
  9104 | D:11     | Found Xuproukk's Gadget Shop.
  9110 | D:11     | Gained mutation: You regenerate health from kills. [demonic ancestry]
  9110 | D:11     | Reached XP level 11. HP: 76/79 MP: 20/20
  9122 | D:11     | Bought a wand of teleportation (5/9) for 486 gold pieces
  9159 | D:11     | Noticed a seven-headed hydra
  9168 | D:11     | Killed a two-headed hydra
  9458 | D:11     | Noticed Urug
  9478 | D:11     | Killed Urug
  9541 | D:11     | Found Ymutot's Distillery.
  9778 | D:11     | Killed a red ugly thing
  9783 | D:11     | Gained mutation: You are robust (+10% HP). [mutagenic meat]
  9784 | D:11     | Gained mutation: You regenerate slowly when monsters are visible. [mutagenic meat]
  9786 | D:11     | Gained mutation: You are resistant to hostile enchantments. [mutagenic meat]
 10013 | D:12     | Found a glowing golden altar of the Shining One.
 10046 | D:12     | Found a blossoming altar of Fedhas.
 10101 | D:12     | Noticed dobroeutro's ghost (journeyman GrFi)
 10259 | D:12     | Reached skill level 9 in Unarmed Combat
 10359 | D:13     | Reached skill level 5 in Invocations
 10379 | D:13     | Killed an unseen horror
 10390 | D:13     | Reached ****** piety under Cheibriados
 10433 | D:13     | Killed an unseen horror
 10471 | D:13     | Found a flagged portal.
 10483 | Bailey   | Entered a bailey
 10488 | Bailey   | Noticed CollectiveS's ghost (novice GrAK)
 10500 | Bailey   | Killed CollectiveS's ghost
 10572 | Bailey   | Reached XP level 12. HP: 93/97 MP: 22/22
 10578 | Bailey   | Found a burning altar of Makhleb.
 10810 | D:13     | Noticed a centaur warrior
 10821 | D:13     | Killed a centaur warrior
 10821 | D:13     | Reached skill level 5 in Transmutations
 10976 | D:13     | Lost mutation: You regenerate slowly when monsters are visible. [mutagenic meat]
 10977 | D:13     | Gained mutation: Your system is resistant to poisons. [mutagenic meat]
 11331 | Lair:1   | Entered Level 1 of the Lair of Beasts
 11475 | Lair:1   | Got a brightly glowing robe
 11486 | Lair:1   | Identified the cursed +1 robe of the World {rN+} (You found it on level 1 of the Lair of Beasts)
 12275 | Lair:2   | Noticed Gastronok
 12283 | Lair:1   | Reached skill level 5 in Armour
 12291 | Lair:1   | Reached skill level 10 in Unarmed Combat
 12354 | Lair:2   | Killed Gastronok
 12537 | Lair:2   | Noticed a seven-headed hydra
 12552 | Lair:2   | Killed a five-headed hydra
 13076 | Lair:2   | Gained mutation: You regenerate a lot of health from kills. [demonic ancestry]
 13076 | Lair:2   | Reached XP level 13. HP: 95/105 MP: 24/24
 13079 | Lair:2   | Reached skill level 5 in Earth Magic
 15184 | Lair:5   | Reached skill level 11 in Unarmed Combat
 15447 | Lair:5   | Found a staircase to the Swamp.
 15844 | Lair:5   | Found a staircase to the Snake Pit.
 16082 | Lair:6   | Reached XP level 14. HP: 115/115 MP: 19/26
 16806 | Lair:7   | Noticed Maud
 16809 | Lair:7   | Killed Maud
 17331 | Lair:7   | Noticed Nessos
 17360 | Lair:7   | Killed Nessos
 17503 | Lair:8   | Entered Level 8 of the Lair of Beasts
 17700 | Lair:8   | Found a staircase to the Slime Pits.
 17802 | Lair:8   | Reached skill level 12 in Unarmed Combat
 18034 | Lair:8   | Reached skill level 10 in Transmutations
 18126 | Lair:8   | Reached XP level 15. HP: 124/124 MP: 27/27
 18830 | D:12     | Killed dobroeutro's ghost
 19173 | D:13     | Found a gate to the Vaults.
 19554 | D:14     | Noticed Rupert
 19573 | D:13     | Killed Rupert
 20090 | D:14     | Noticed Azrael
 20098 | D:14     | Killed Azrael
 20312 | D:15     | Entered Level 15 of the Dungeon
 20475 | D:15     | Reached skill level 13 in Unarmed Combat
 20927 | D:15     | Reached skill level 1 in Shields
 21098 | D:15     | Reached skill level 10 in Fighting
 21098 | D:15     | Reached XP level 16. HP: 134/134 MP: 29/29
 21107 | D:15     | Found a staircase to the Depths.
 21368 | Depths:1 | Entered Level 1 of the Depths
 21389 | Depths:1 | Noticed abixa's ghost (adept KoEn)
 21415 | Depths:1 | Killed abixa's ghost
 21443 | Depths:1 | Noticed a lich
 21453 | Depths:1 | Killed a lich
 21585 | Depths:1 | Learned a level 6 spell: Freezing Cloud
 21594 | Depths:1 | Learned a level 7 spell: Dragon Form
 21683 | Depths:1 | Reached skill level 10 in Spellcasting
 21712 | Depths:1 | Noticed Sojobo
 21713 | Depths:1 | Noticed a tengu reaver
 21773 | Depths:1 | Noticed a juggernaut
 21944 | Orc:1    | Entered Level 1 of the Orcish Mines
 22086 | Orc:1    | Noticed Nergalle
 22098 | Orc:1    | Killed Nergalle
 22409 | Orc:2    | Entered Level 2 of the Orcish Mines
 22444 | Orc:2    | Found a staircase to the Elven Halls.
 22576 | Orc:2    | Found a roughly hewn altar of Beogh.
 22593 | Orc:2    | Found Cuitsiqu's Food Boutique.
 23040 | Orc:2    | Found Jinwyuckoi's Antique Weapon Shoppe.
 23041 | Orc:2    | Found a roughly hewn altar of Beogh.
 23044 | Orc:2    | Found Foklaec's Antique Armour Emporium.
 23056 | Orc:2    | Bought an ichor-stained leather armour for 224 gold pieces
 23056 | Orc:2    | Identified the +2 leather armour "Itrylati" {+Blink rC+ Dex-5 Stlth+} (You bought it in a shop on level 2 of the Orcish Mines)
 23135 | Orc:2    | Found a roughly hewn altar of Beogh.
 23243 | Orc:2    | Found a roughly hewn altar of Beogh.
 23285 | Orc:2    | Found a roughly hewn altar of Beogh.
 23293 | Orc:2    | Found Moim's Magic Scroll Emporium.
 23310 | Orc:2    | Bought a scroll of identify for 26 gold pieces
 23310 | Orc:2    | Bought a scroll of enchant armour for 97 gold pieces
 23310 | Orc:2    | Bought a scroll of magic mapping for 45 gold pieces
 23391 | Elf:1    | Entered Level 1 of the Elven Halls
 23442 | Elf:1    | Reached skill level 5 in Shields
 23828 | Elf:1    | Reached XP level 17. HP: 141/141 MP: 24/31
 23831 | Elf:1    | Reached skill level 14 in Unarmed Combat
 24430 | Elf:2    | Found Zuugacej's Book Emporium.
 24449 | Elf:2    | Bought a book of Spatial Translocations for 975 gold pieces
 24449 | Elf:2    | Bought a book of the Sky for 975 gold pieces
 24451 | Elf:2    | Learned a level 1 spell: Apportation
 24456 | Elf:2    | Learned a level 4 spell: Passage of Golubria
 24462 | Elf:2    | Learned a level 2 spell: Blink
 24465 | Elf:2    | Learned a level 2 spell: Shroud of Golubria
 24485 | Elf:2    | Found a runed gate.
 24495 | Elf:2    | Found a runed gate.
 24497 | Elf:2    | Found a runed gate.
 24546 | Elf:2    | Found Hygenauc's General Store.
 24548 | Elf:2    | Bought a potion of might for 56 gold pieces
 24548 | Elf:2    | Bought a scroll of identify for 28 gold pieces
 24602 | Elf:2    | Got a pair of spiked boots
 24605 | Elf:2    | Identified the cursed +0 pair of boots of Hospitality {rPois rF+ rN+} (You found it on level 2 of the Elven Halls)
 24677 | Elf:2    | Reached skill level 1 in Translocations
 24849 | Elf:2    | Reached skill level 1 in Charms
 24955 | Elf:3    | Entered Level 3 of the Elven Halls
 25161 | Elf:3    | Found Pyzah's Antique Armour Emporium.
 25287 | Elf:3    | Noticed a deep elf blademaster
 25290 | Elf:3    | Noticed a deep elf master archer
 25291 | Elf:3    | Killed a deep elf blademaster
 25292 | Elf:3    | Killed a deep elf master archer
 25510 | Swamp:1  | Entered Level 1 of the Swamp
 25513 | Swamp:1  | Found a frozen archway.
 25545 | IceCv    | Entered an ice cave
 25663 | IceCv    | Gained mutation: You have claws for feet. [demonic ancestry]
 25663 | IceCv    | Reached XP level 18. HP: 151/151 MP: 30/32
 25932 | Swamp:1  | Noticed Roxanne
 25938 | Swamp:1  | Killed Roxanne
 25940 | Swamp:1  | Identified Roxanne's Volume of Changing (You took it off Roxanne on level 1 of the Swamp)
 26174 | Swamp:1  | Reached skill level 15 in Unarmed Combat
 26979 | Swamp:2  | Learned a level 6 spell: Deflect Missiles
 27056 | Swamp:2  | Identified the Guide on Fetching Changing
 27061 | Swamp:2  | Identified Basm's Guide on Mutagenic Creation
 27158 | Swamp:2  | Noticed Louise
 27163 | Swamp:2  | Killed Louise
 27794 | Swamp:3  | Noticed inmateoo's ghost (journeyman FeTm)
 27804 | Swamp:3  | Killed inmateoo's ghost
 28328 | Swamp:4  | Entered Level 4 of the Swamp
 28446 | Swamp:4  | Noticed Aizul
 28461 | Swamp:4  | Killed Aizul
 28542 | Swamp:4  | Gained mutation: Your natural rate of healing is unusually fast. [potion of beneficial mutation]
 28555 | Swamp:4  | Reached skill level 5 in Charms
 28563 | Swamp:4  | Reached skill level 5 in Translocations
 28717 | Swamp:4  | Gained mutation: Your magical and physical power is slightly enhanced at high health. [demonic ancestry]
 28717 | Swamp:4  | Reached XP level 19. HP: 160/160 MP: 34/34
 28797 | Swamp:4  | Got a decaying rune of Zot
 29329 | Snake:1  | Entered Level 1 of the Snake Pit
 29681 | Snake:1  | Reached skill level 16 in Unarmed Combat
 30742 | Snake:3  | Noticed Kirke
 30749 | Snake:3  | Killed Kirke
 31391 | Snake:4  | Entered Level 4 of the Snake Pit
 31504 | Snake:4  | Gained mutation: You are completely covered in iridescent scales (AC +8). [demonic ancestry]
 31504 | Snake:4  | Reached XP level 20. HP: 170/170 MP: 30/36
 31666 | Snake:4  | Got a serpentine rune of Zot
 32545 | Vaults:1 | Entered Level 1 of the Vaults
 32684 | Vaults:1 | Found a flickering gateway to a bazaar.
 32689 | Bazaar   | Entered a bazaar
 32707 | Bazaar   | Found Lepeg's Jewellery Emporium.
 32727 | Bazaar   | Found Koff's Gadget Shoppe.
 32727 | Bazaar   | Found Usmoumof's Magic Scroll Emporium.
 32732 | Bazaar   | Bought a scroll of blinking for 105 gold pieces
 32749 | Bazaar   | Found Uruxyoh's Armour Emporium.
 32799 | Bazaar   | Bought the brooch of Shielding {Reflect SH+8} for 416 gold pieces
 32799 | Bazaar   | Bought the ring "Jann" {rPois rC+ rN+} for 525 gold pieces
 32924 | Vaults:1 | Reached skill level 17 in Unarmed Combat
 33034 | Vaults:1 | Learned a level 2 spell: Repel Missiles
 33040 | Vaults:1 | Gained mutation: You heal very quickly. [potion of beneficial mutation]
 33293 | Vaults:1 | Reached skill level 1 in Evocations
 34090 | Vaults:2 | Learned a level 3 spell: Regeneration
 34210 | Vaults:2 | Gained mutation: Your magical and physical power is enhanced at high health. [demonic ancestry]
 34210 | Vaults:2 | Reached XP level 21. HP: 179/179 MP: 32/37
 34522 | Vaults:2 | Found Oschuum's Weapon Boutique.
 34905 | Vaults:2 | Reached skill level 10 in Armour
 35056 | Vaults:3 | You fall through a shaft!
 35155 | Vaults:3 | You fall through a shaft!
 35167 | Vaults:5 | Entered Level 5 of the Vaults
 35167 | Vaults:5 | Noticed skk's ghost (adept MiFi)
 35183 | Vaults:5 | Killed skk's ghost
 35199 | Vaults:5 | Reached skill level 15 in Transmutations
 35231 | Vaults:5 | Reached XP level 22. HP: 189/189 MP: 32/39
 35291 | Vaults:5 | Reached skill level 18 in Unarmed Combat
 35331 | Vaults:5 | Reached skill level 5 in Evocations
 35390 | Vaults:5 | Got a silver rune of Zot
 35967 | Depths:4 | You fall through a shaft!
 35967 | Depths:5 | Entered Level 5 of the Depths
 35991 | Depths:5 | Found a gate to the Realm of Zot.
 35991 | Depths:5 | Noticed a golden dragon
 35991 | Depths:5 | Noticed a golden dragon
 35996 | Depths:5 | Killed a golden dragon
 36014 | Depths:5 | Killed a golden dragon
 36091 | Depths:5 | Found a gateway to Hell.
 36110 | Hell     | Entered the Vestibule of Hell
 36138 | Hell     | Noticed Geryon
 36149 | Hell     | Gained mutation: Your magical and physical power is greatly enhanced at high health. [demonic ancestry]
 36149 | Hell     | Reached XP level 23. HP: 196/196 MP: 35/40
 36169 | Hell     | Noticed Murray
 36174 | Hell     | Killed Geryon
 36177 | Hell     | Killed Murray
 36239 | Hell     | Found a gateway to the decaying netherworld of Tartarus.
 36268 | Tar:1    | Entered Level 1 of Tartarus
 36268 | Tar:1    | Found a gateway to Hell.
 36284 | Tar:2    | Found a gateway to Hell.
 36306 | Tar:3    | Found a gateway to Hell.
 36461 | Tar:4    | Found a gateway to Hell.
 36465 | Tar:4    | Reached skill level 10 in Charms
 36465 | Tar:4    | Reached skill level 10 in Translocations
 36553 | Tar:5    | Found a gateway to Hell.
 36600 | Tar:6    | Found a gateway to Hell.
 36619 | Tar:6    | Found a gateway to Hell.
 36675 | Tar:7    | Entered Level 7 of Tartarus
 36675 | Tar:7    | Found a gateway to Hell.
 36675 | Tar:7    | Found a gateway to Hell.
 36675 | Tar:7    | Found a gateway to Hell.
 36727 | Tar:7    | Reached skill level 19 in Unarmed Combat
 36743 | Tar:7    | Reached skill level 15 in Fighting
 36792 | Tar:7    | Reached skill level 1 in Air Magic
 36928 | Tar:7    | Reached XP level 24. HP: 207/207 MP: 34/41
 36963 | Tar:7    | Noticed Ereshkigal
 36980 | Tar:7    | Killed Ereshkigal
 36997 | Tar:7    | Reached skill level 5 in Air Magic
 37030 | Tar:7    | Got a bone rune of Zot
 37215 | Hell     | Found a gateway to the Iron City of Dis.
 37222 | Dis:1    | Entered Level 1 of the Iron City of Dis
 37222 | Dis:1    | Found a gateway to Hell.
 37317 | Dis:2    | Found a gateway to Hell.
 37334 | Dis:3    | Found a gateway to Hell.
 37385 | Dis:4    | Found a gateway to Hell.
 37410 | Dis:5    | Found a gateway to Hell.
 37448 | Dis:5    | Noticed an iron giant
 37454 | Dis:5    | HP: 5/269 [iron giant/iron shot (88)]
 37455 | Dis:5    | Thrown by an iron giant

Vault maps used:
D:1:      minmay_arrival_nine_rooms
D:2:      kiku_gazebo_pond_becter, minitemple, first_bread
D:3:      led_sif_book, st_stairs_10, uniq_sigmund
D:4:      minmay_temple_entry_purple_smoke
D:5:      kennysheep_kobold_camp, elyvilon_altar_4
D:6:      uniq_eustachio
D:7:      serial_shops, shop
D:8:      lightli_temple_of_fire, cheibrodos_ashenzari_chains, special_room,
          uniq_erolcha, uniq_erica, uniq_joseph
D:9:      nicolae_ru_path_of_blood, grunt_lair_entry_orc_guard_hut
D:10:     zombieorc2_lemuel
D:11:     serial_shops, nicolae_shop_waterfront, shop, uniq_urug
D:12:     hangedman_tree_tricks, nicolae_tso_carved_into_rock
D:13:     hangedman_vaults_entry_quadrant_bands, enter_bailey_3
D:14:     roderic_roman_lattice, minivault_16, hangedman_decor_growths,
          uniq_rupert, uniq_azrael
D:15:     grunt_enter_depths_hoard, minmay_misc_feat_square
Temple:   triangle_lava_temple_12
Lair:1:   lemuel_slime, beast_lair_carwin_9, lemuel_fruit_tree,
          infiniplex_staircase_pool_2
Lair:2:   uniq_gastronok
Lair:3:   serial_bayou_shore_a, grunt_megastairs_3
Lair:4:   grunt_forest_large_clearings, infiniplex_staircase_pool
Lair:5:   statuecave_lemuel, nicolae_swamp_entry_splash_gauntlet,
          dummy_snake_entry, st_stairs_6, cheibrodos_lair_caveside_slide, pond
Lair:6:   boulder_dual_corridor_run, minmay_lair_drake_nest, lemuel_fruit_fields
Lair:7:   grunt_megastairs_2, uniq_maud, uniq_nessos
Lair:8:   grunt_lair_end_beastmaster, nicolae_slime_entry_slimehenge
Swamp:1:  cheibrodos_swamp_heart_of_darkness, portal_ice_cave_entry_ice_beasts,
          evilmike_swamp_ruin_house_2, hangedman_swamp_wriggling, uniq_roxanne
Swamp:2:  evilmike_swamp_ruin_house_1, swamp_pool2, hangedman_swamp_dais,
          uniq_louise
Swamp:3:  serial_swamp_ruin, evilmike_swamp_ruin_rubble_2,
          evilmike_swamp_ruin_wall, evilmike_swamp_ruin_house_3, swamp_pool3
Swamp:4:  swamp_basic_johnstein, uniq_aizul
Snake:1:  onia_ninara_swampy_vault, evilmike_ambush
Snake:3:  uniq_kirke
Snake:4:  snake_pit
Orc:1:    uniq_nergalle
Orc:2:    grunt_orc_community_town_hall, grunt_orc_community_big_house_2,
          grunt_orc_community_big_house_2, grunt_orc_community_house_2,
          grunt_orc_community_house_3, grunt_orc_community_house_1,
          grunt_orc_community_house_2
Elf:1:    hangedman_elven_crosses_minicolossus
Elf:2:    serial_shops, shop, shop, hangedman_elf_represent
Elf:3:    grunt_elf_hall_branching, serial_shops, nicolae_shop_trees,
          glass_columns_a, kilobyte_rumbling_trees
Vaults:1: dpeg_vaults_monster_box, ontoclasm_vaults_hangar,
          nicolae_vaults_twisting_passages, vaults_dpeg_spiral,
          ontoclasm_vaults_loading_screen, nicolae_vaults_murderbox,
          vaults_room_corners, vaults_dpeg_encased_lava, serial_shops,
          bzr_entry_road
Vaults:2: nicolae_vaults_little_squares_4, v_rooms_1, dpeg_vaults_monster_row,
          v_misc_5, v_misc_26, ontoclasm_vaults_hangar,
          vaults_room_grunt_arrival_ludios, nicolae_vaults_little_squares_3,
          grunt_vaults_twisty, nicolae_vaults_diagonal_hallway_7,
          vaults_dpeg_hooks, grunt_vaults_diagonal, serial_shops, shop,
          nicolae_shop_trees, nicolae_shop_behind_doors
Vaults:3: ontoclasm_vaults_hangar, hangedman_vaults_maws, vaults_room_corners,
          nicolae_vaults_three_branches, ontoclasm_vaults_ligature,
          hangedman_vaults_snaps, minmay_crypt_entry_necro_gods,
          vaults_dpeg_ring, ontoclasm_vaults_hangar, vaults_room_semicircle,
          nicolae_vaults_little_squares_2, hangedman_vaults_stretched_pinwheel,
          v_rooms_5, nicolae_vaults_diagonal_hallway_7, uniq_xtahua, uniq_wiglaf
Vaults:4: vaults_room_octagon, v_misc_33, vaults_mumra_hex, v_misc_19,
          v_misc_15, hangedman_vaults_variations, v_misc_32,
          hangedman_vaults_corner_blocks, hangedman_vaults_corner_blocks,
          hangedman_vaults_hat, v_pattern_1, ontoclasm_vaults_gateway,
          nicolae_vaults_little_squares_4, ontoclasm_vaults_decontamination,
          ontoclasm_vaults_fault
Depths:1: minmay_misc_feat_columns, grunt_pan_entry_spiral, pf_coc_iceberg,
          hangedman_decor_clover_reticule, kennysheep_crisscross,
          kennysheep_small_circle, kennysheep_random_hallway,
          serial_bayou_shore_b, uniq_sojobo
Depths:2: cross_vault, kennysheep_decorative_pillar, special_room, hell_entry,
          minmay_staircase_windowed_small, serial_bayou_shore_b,
          serial_bayou_shore_b
Depths:3: minmay_split_circle, rand_demon_pan_entry_1, hell_entry,
          minmay_door_square, abyss_entry,
          hangedman_abyss_or_decor_jellyfish_corner, uniq_asterion,
          uniq_enchantress, uniq_jory
Depths:4: radiant_caverns_b_rkd, abyss_entry, hell_entry, pan_entry
Depths:5: lemuel_castle_with_subvaults, abandoned_shop, abyss_entry_flame_altar,
          grunt_mini_vestibule, hangedman_summoners_spam
Dis:3:    lemuel_elevator
Dis:4:    hangedman_dis_decor_blocks_mantle
Dis:5:    hangedman_dis_decor_blocks_talon
Tar:4:    nicolae_tar_fractal_crypt
Tar:5:    nicolae_tar_cuneiform_bird
Tar:7:    tar_mu
Bazaar:   bazaar_short_row
Bailey:   bailey_axe_3, bailey
IceCv:    ice_cave_small_demon

Skill      XL: |  1  2  3  4  5  6  7  8  9 10 11 12 13 14 15 16 17 18 19 20 21 22 23 24 |
---------------+-------------------------------------------------------------------------+-----
Ice Magic      | 3 4 5 6 7 8 |  8.4
Dodging        | 2 3 4 5 6 7 8 9 |  9.5
Stealth        | 2 |  2.0
Unarmed Combat | 1 2 3 4 5 6 8 9 10 11 12 13 14 15 16 17 18 19 | 19.7
Spellcasting   | 3 4 5 6 7 8 9 10 11 12 13 14 | 14.6
Fighting       | 2 3 4 5 6 7 8 9 10 11 12 13 14 15 | 15.6
Invocations    | 3 5 7 8 |  8.6
Armour         | 2 4 5 6 7 8 9 10 11 | 11.6
Transmutations | 2 4 6 8 10 11 12 13 14 15 | 15.8
Earth Magic    | 1 3 4 6 7 8 |  8.9
Shields        | 1 5 6 |  6.1
Translocations | 3 5 6 8 9 10 | 10.2
Charms         | 2 5 6 7 8 9 10 | 10.2
Evocations     | 2 4 6 7 |  7.6
Air Magic      | 3 6 |  6.6
Conjurations   | |  1.0

Action                   |  1- 3 |  4- 6 |  7- 9 | 10-12 | 13-15 | 16-18 | 19-21 | 22-24 || total
-------------------------+-------+-------+-------+-------+-------+-------+-------+-------++-------
Melee: Spear             |     1 |   167 |    99 |       |       |       |       |       ||   267
       Unarmed           |     1 |       |       |   444 |  1326 |  1302 |   975 |   791 ||  4839
       Quarterstaff      |       |       |   139 |    69 |       |       |       |       ||   208
       Scimitar          |       |       |       |   269 |     4 |       |       |       ||   273
 Cast: Freeze            |    63 |    88 |    72 |    14 |       |       |       |       ||   237
       Throw Frost       |       |     4 |     3 |       |       |       |       |       ||     7
       Ozocubu's Armour  |       |     2 |     5 |     9 |     5 |       |       |       ||    21
       Cure Poison       |       |       |     4 |       |       |       |       |       ||     4
       Throw Icicle      |       |       |     3 |     2 |     3 |       |       |       ||     8
       Statue Form       |       |       |       |       |    22 |    49 |    49 |    35 ||   155
       Dragon Form       |       |       |       |       |       |     3 |     1 |       ||     4
       Passage of Golubr |       |       |       |       |       |       |     5 |     2 ||     7
       Apportation       |       |       |       |       |       |       |     3 |     3 ||     6
       Regeneration      |       |       |       |       |       |       |     2 |    26 ||    28
       Blink             |       |       |       |       |       |       |     1 |       ||     1
       Repel Missiles    |       |       |       |       |       |       |       |     1 ||     1
Invok: Slouch            |       |       |       |     3 |     6 |     9 |    12 |    10 ||    40
 Abil: Breathe Fire      |       |       |       |       |       |     1 |       |       ||     1
       End Transformatio |       |       |       |       |       |     1 |     1 |       ||     2
Evoke: Wand              |       |       |     2 |     4 |     3 |     2 |       |     1 ||    12
       Deck              |       |       |       |       |       |     1 |       |       ||     1
  Use: Scroll            |       |    10 |    11 |     8 |    19 |    18 |     8 |     8 ||    82
       Potion            |       |       |     3 |     5 |       |     1 |     1 |     2 ||    12
 Stab: Sleeping          |       |     8 |     2 |    22 |    20 |    18 |    10 |     8 ||    88
       Distracted        |       |     1 |     2 |     9 |    19 |     9 |    10 |     5 ||    55
       Confused          |       |       |       |       |     3 |       |       |       ||     3
       Petrified         |       |       |       |       |     1 |       |       |       ||     1
       Paralysed         |       |       |       |       |       |     1 |       |       ||     1
  Eat: Chunk             |     4 |     7 |     9 |    26 |    19 |    15 |     1 |       ||    81
       Royal jelly       |       |       |       |     1 |       |     1 |     2 |       ||     4
       Beef jerky        |       |       |       |       |     6 |     2 |       |       ||     8
       Pizza             |       |       |       |       |     1 |     1 |       |       ||     2
       Meat ration       |       |       |       |       |       |     2 |     4 |     2 ||     8
       Fruit             |       |       |       |       |       |       |     1 |       ||     1
